 Dungeon Crawl Stone Soup version 0.28.0-53-g5a82cb258f (webtiles) character file.

Game seed: 2578166513522680402

18034 DildoBatman the Geomancer (level 12, 0/88 HPs)
             Began as a Formicid Conjurer on July 7, 2022.
             Was an Elder of Kikubaaqudgha.
             Slain by Snorg (14 damage)
             ... on level 12 of the Dungeon.
             The game lasted 00:42:18 (10457 turns).

DildoBatman the Geomancer (Formicid Conjurer)      Turns: 10457, Time: 00:42:19

Health: 0/88       AC: 11    Str: 12    XL:     12   Next: 90%
Magic:  11/32      EV: 13    Int: 19    God:    Kikubaaqudgha [****..]
Gold:   614        SH:  4    Dex: 13    Spells: 8/26 levels left

rFire   . . .      SeeInvis +   a - +3 great sword (freeze)
rCold   . . .      Faith    .   N - +0 buckler
rNeg    . . .      Spirit   .   o - +0 troll leather armour
rPois   .          Reflect  .   (helmet unavailable)
rElec   .          Harm     .   x - +0 cloak
rCorr   .          Rampage  .   u - +2 pair of gloves
Will    +....                   P - +0 pair of boots
Stlth   ++........              g - amulet of the acrobat
HPRegen 1.04/turn               S - ring of wizardry
MPRegen 0.23/turn               D - ring of magical power

@: no status effects
A: permanent stasis, dig shafts and tunnels, antennae 3, four strong arms
a: Dig, Shaft Self, Renounce Religion, Receive Corpses


You were on level 12 of the Dungeon.
You worshipped Kikubaaqudgha.
Kikubaaqudgha was greatly pleased with you.
You visited 2 branches of the dungeon, and saw 13 of its levels.

You collected 614 gold pieces.

Inventory:

Hand Weapons
 a - a +3 great sword of freezing (weapon)
 b - a +0 hunting sling
 d - a +2 spectral quarterstaff
 e - a +5 halberd
Missiles
 r - 32 bolts
 I - 311 arrows
 W - 39 sling bullets
Armour
 o - a +0 troll leather armour (worn)
 u - a +2 pair of gloves (worn)
 x - a +0 cloak (worn)
 N - a +0 buckler (worn)
 P - a +0 pair of boots (worn)
Jewellery
 g - an amulet of the acrobat (around neck)
 s - an amulet of reflection
 C - a ring of ice
 D - a ring of magical power (right hand)
 S - a ring of wizardry (left hand)
Wands
 j - a wand of mindburst (4)
 v - a wand of flame (10)
 K - a wand of iceblast (19)
Scrolls
 c - 5 scrolls of teleportation {unknown}
 h - 4 scrolls of immolation {unknown}
 m - 3 scrolls of noise {unknown}
 q - 5 scrolls of magic mapping {unknown}
 y - a scroll of summoning {unknown}
 z - a scroll of identify
 A - 5 scrolls of enchant armour {unknown}
 B - a scroll of enchant weapon {unknown}
 F - 3 scrolls of fog {unknown}
 G - a scroll of torment {unknown}
 H - 2 scrolls of vulnerability {unknown}
 T - 4 scrolls of amnesia
 V - a scroll of fear {unknown}
 X - a scroll of brand weapon {unknown}
 Y - 2 scrolls of blinking {unknown}
Potions
 f - a potion of attraction {unknown}
 i - 3 potions of heal wounds
 k - 5 potions of curing
 l - 3 potions of magic {unknown}
 n - 2 potions of ambrosia {unknown}
 p - 3 potions of might
 J - a potion of cancellation {unknown}
 L - 2 potions of mutation {unknown}
 M - 2 potions of flight {unknown}
 O - 2 potions of lignification {unknown}
 U - a potion of degeneration {unknown}
 Z - 2 potions of haste {unknown}
Miscellaneous
 Q - a phantom mirror
 R - a phial of floods


   Skills:
 * Level 6.0 Fighting
 - Level 2.0 Long Blades
 * Level 6.8 Armour
 * Level 4.8 Dodging
 - Level 2.4 Stealth
 - Level 3.0 Shields
 * Level 7.7 Spellcasting
 - Level 6.0 Conjurations
 * Level 10.1 Necromancy
 - Level 6.0 Fire Magic
 * Level 11.1 Earth Magic


You had 8 spell levels left.
You knew the following spells:

 Your Spells              Type           Power      Damage    Failure   Level
b - Conjure Flame         Conj/Fire      30%        6-21      1%          3
c - Stone Arrow           Conj/Erth      78%        3d11      1%          3
d - Vampiric Draining     Necr           45%        2d9       1%          3
e - Magic Dart            Conj           100%       1d8       1%          1
f - Searing Ray           Conj           60%        2d6       1%          2
h - Dispel Undead         Necr           45%        3d17      1%          4
z - Sublimation of Blood  Necr           45%        N/A       1%          2

Your spell library contained the following spells:

 Spells                   Type           Power      Damage    Failure   Level
 Animate Skeleton         Necr           90%        N/A       1%          1
 Foxfire                  Conj/Fire      100%       2x1d9     1%          1
 Pain                     Necr           100%       1d9       1%          1
 Sandblast                Erth           98%        2d20      1%          1
 Passwall                 Tmut/Erth      23%        N/A       1%          2
 Animate Dead             Necr           22%        N/A       1%          4
 Agony                    Necr           45%        N/A       2%          5
 Flame Wave               Conj/Fire      30%        2d8       4%          4
 Dazzling Flash           Conj/Hex       36%        N/A       5%          3
 Inner Flame              Hex/Fire       18%        N/A       5%          3
 Slow                     Hex            28%        N/A       6%          1
 Anguish                  Hex/Necr       13%        N/A       8%          4
 Ensorcelled Hibernation  Hex/Ice        14%        N/A       9%          2
 Death Channel            Necr           22%        N/A       14%         6
 Fulminant Prism          Conj/Hex       9%         3d7       16%         4
 Iskenderun's Mystic Bla  Conj/Tloc      18%        2d6       16%         4
 Confusing Touch          Hex            7%         N/A       17%         3
 Gell's Gravitas          Tloc           7%         N/A       17%         3
 Lesser Beckoning         Tloc           7%         N/A       17%         3
 Spider Form              Tmut/Pois      7%         N/A       17%         3
 Teleport Other           Tloc           7%         N/A       17%         3
 Simulacrum               Ice/Necr       13%        N/A       71%         6


Dungeon Overview and Level Annotations

Branches:
Dungeon (12/15)            Temple (1/1) D:5            Lair (0/6) D:10
    Orc: D:9-12

Altars:
Ashenzari
Cheibriados
Dithmenos
Elyvilon
Fedhas
Gozag
Hepliaklqana
Kikubaaqudgha
Makhleb
Nemelex Xobeh
Okawaru
Qazlal
Ru
Sif Muna
Trog
Uskayaw
Vehumet
Wu Jian
Xom
Yredelemnul
Zin
The Shining One

Shops:
D:7 (   D:11 (

Annotations:
D:9 Erolcha
D:10 1 exclusion
D:12 Snorg


Innate Abilities, Weirdness & Mutations

You cannot be hasted, slowed, berserked, paralysed or teleported.
You can dig through walls and to a lower floor.
You have a pair of large antennae on your head. (SInv)
Your four strong arms can wield two-handed weapons with a shield.


Message History

You draw life force from Snorg!
You feel life coursing into your body! You block Snorg's attack.
Snorg claws you but does no damage. Snorg claws you.
Casting: Vampiric Draining (safe; 1% risk of failure)
Confirm with . or Enter, or press ? or * to list all spells.
Aiming: Vampiric Draining (safe; 1% risk of failure)
Press: ? - help, Shift-Dir - straight line, f/p - Snorg
Aim: Snorg (heavily wounded, berserk)
You draw life force from Snorg!
You feel life coursing into your body! Snorg bites you!! Snorg claws you!
Snorg barely misses you. Snorg misses you. x2
Snorg closely misses you.
Casting: Vampiric Draining (safe; 1% risk of failure)
Confirm with . or Enter, or press ? or * to list all spells.
Aiming: Vampiric Draining (safe; 1% risk of failure)
Press: ? - help, Shift-Dir - straight line, f/p - Snorg
Aim: Snorg (heavily wounded, berserk)
You draw life force from Snorg!
You feel life coursing into your body. Snorg closely misses you.
Snorg claws you. Snorg barely misses you.
Casting: Vampiric Draining (safe; 1% risk of failure)
Confirm with . or Enter, or press ? or * to list all spells.
Aiming: Vampiric Draining (safe; 1% risk of failure)
Press: ? - help, Shift-Dir - straight line, f/p - Snorg
Aim: Snorg (severely wounded, berserk)
You draw life force from Snorg!
You feel life coursing into your body. Snorg closely misses you. x2
Snorg claws you! Snorg closely misses you. Snorg claws you!
You die...
Kikubaaqudgha rasps: "You have failed me!
Welcome... death!"

.. .... #...##
#...#. #.!...#
#......##
#.......##
#.....#..#.#.#
#...ยง@.....#
#....T....###
#...........#
...........#...#
##.........###..
..#.....#... .
........#....
............#


You could see Snorg (berserk).

Vanquished Creatures
  The ghost of shaman420 the Destroyer, a journeyman OpAM of Ashenzari (D:10)
  2 centaur warriors
  4 skeletal warriors (D:11)
  A cyclops (D:11)
  2 komodo dragons (D:10)
  5 kobold demonologists
  3 trolls
  Prince Ribbit (D:5)
  28 yaks
  A wyvern (D:10)
  Grum (D:10)
  2 steam dragons
  4 vampire mosquitoes (D:11)
  The ghost of SnailSD the Shield-Bearer, an amateur OpFi (D:4)
  Edmund (D:2)
  Menkaure (D:3)
  2 water moccasins
  An acid dragon (D:6)
  A swamp drake (D:10)
  A black bear (D:3)
  5 orc warriors
  2 ice beasts (D:6)
  3 sky beasts (D:6)
  2 necrophages
  2 wolves (D:10)
  3 centaurs (D:9)
  2 phantoms (D:7)
  4 kobold brigands
  2 scorpions
  3 bullfrogs
  4 killer bees (D:10)
  A water moccasin skeleton (D:6)
  12 wights
  7 howler monkeys
  An electric eel (D:9)
  2 bullfrog zombies (D:5)
  6 centaur zombies
  3 hounds
  A centaur skeleton (D:7)
  A gnoll shaman (D:3)
  A jelly (D:8)
  4 iguanas
  An iron imp (D:6)
  8 orc priests
  15 orc wizards
  A hound zombie (D:5)
  A hound skeleton (D:3)
  9 gnolls
  4 adders
  A howler monkey skeleton (D:4)
  2 shadow imps
  A white imp (D:7)
  3 worms
  2 dart slugs
  38 orcs
  7 bats
  4 endoplasms
  A giant cockroach (D:2)
  5 goblins
  5 hobgoblins
  2 jackals (D:2)
  25 kobolds
  4 quokkas
  12 ball pythons
  2 frilled lizards (D:2)
  4 rats
291 creatures vanquished.

Vanquished Creatures (others)
  A plant (D:1)
1 creature vanquished.

Grand Total: 292 creatures vanquished

Notes
Turn   | Place    | Note
-------+----------+-------------------------------------------
     0 | D:1      | DildoBatman the Formicid Conjurer began the quest for the
                  | Orb.
     0 | D:1      | Reached XP level 1. HP: 13/13 MP: 3/3
   110 | D:1      | Reached XP level 2. HP: 18/19 MP: 1/5
   113 | D:1      | Learned a level 2 spell: Searing Ray
   325 | D:1      | Found a faded altar of an unknown god.
   378 | D:1      | Reached XP level 3. HP: 24/24 MP: 3/6
   860 | D:2      | Reached XP level 4. HP: 31/31 MP: 2/7
  1231 | D:3      | Reached skill level 1 in Armour
  1256 | D:3      | Reached skill level 1 in Fighting
  1311 | D:3      | Found a white marble altar of Elyvilon.
  1389 | D:3      | Reached XP level 5. HP: 28/37 MP: 1/8
  1658 | D:3      | Reached skill level 5 in Conjurations
  1698 | D:3      | Reached XP level 6. HP: 7/44 MP: 2/10
  1833 | D:3      | Found a shimmering blue altar of Sif Muna.
  2150 | D:3      | Found a glowing silver altar of Zin.
  2204 | D:4      | Noticed SnailSD's ghost (amateur OpFi)
  2204 | D:4      | Noticed Edmund
  2204 | D:4      | Found a runed translucent gate.
  2204 | D:4      | Found a runed translucent gate.
  2204 | D:4      | Found a runed translucent gate.
  2419 | D:4      | Noticed a necrophage
  2448 | D:4      | Killed a necrophage
  2449 | D:4      | Reached XP level 7. HP: 48/50 MP: 1/13
  2548 | D:4      | Noticed Menkaure
  2696 | D:4      | Identified the +0 ring mail of Temmiov {rF- Will- Dex+9
                  | SInv}
  2766 | D:4      | Reached skill level 5 in Spellcasting
  2833 | D:4      | Found a sacrificial altar of Ru.
  2834 | D:4      | Found a hazy altar of Hepliaklqana.
  3049 | D:5      | Entered Level 5 of the Dungeon
  3169 | D:3      | Reached XP level 8. HP: 47/56 MP: 15/17
  3243 | D:5      | Found a staircase to the Ecumenical Temple.
  3255 | D:5      | Found an opulent altar of Gozag.
  3258 | Temple   | Entered the Ecumenical Temple
  3318 | Temple   | Became a worshipper of Kikubaaqudgha
  3351 | D:3      | Killed Menkaure
  3395 | D:2      | Killed Edmund
  3479 | D:4      | Killed SnailSD's ghost
  3516 | D:5      | Noticed Prince Ribbit
  3525 | D:5      | Killed Prince Ribbit
  3526 | D:5      | Reached XP level 9. HP: 65/65 MP: 10/19
  4054 | D:6      | Reached skill level 5 in Fighting
  4054 | D:6      | Reached skill level 1 in Necromancy
  4332 | D:6      | Learned a level 3 spell: Vampiric Draining
  4368 | D:6      | Found a snail-covered altar of Cheibriados.
  4374 | D:6      | Reached skill level 5 in Necromancy
  4374 | D:6      | Reached XP level 10. HP: 74/74 MP: 15/20
  4416 | D:6      | Reached * piety under Kikubaaqudgha
  4416 | D:6      | Received a gift from Kikubaaqudgha
  5256 | D:7      | Learned a level 2 spell: Sublimation of Blood
  5260 | D:7      | Learned a level 3 spell: Conjure Flame
  5372 | D:7      | Reached skill level 1 in Fire Magic
  5634 | D:7      | Found Folodghoo's Weapon Shop.
  6056 | D:8      | Noticed a centaur warrior
  6075 | D:8      | Reached ** piety under Kikubaaqudgha
  6392 | D:8      | Reached skill level 5 in Fire Magic
  6528 | D:8      | Reached XP level 11. HP: 66/79 MP: 14/21
  7451 | D:9      | Reached *** piety under Kikubaaqudgha
  7451 | D:9      | Received a gift from Kikubaaqudgha
  7464 | D:9      | Learned a level 4 spell: Dispel Undead
  7468 | D:9      | Learned a level 3 spell: Stone Arrow
  7550 | D:9      | Reached skill level 1 in Earth Magic
  7630 | D:9      | Reached skill level 2 in Earth Magic
  7939 | D:9      | Noticed Erolcha
  8240 | D:10     | Entered Level 10 of the Dungeon
  8295 | D:10     | Reached skill level 3 in Earth Magic
  8307 | D:10     | Reached skill level 4 in Earth Magic
  8330 | D:10     | Found a staircase to the Lair.
  8466 | D:10     | Reached skill level 5 in Earth Magic
  8524 | D:10     | Reached skill level 6 in Earth Magic
  8612 | D:9      | Reached skill level 7 in Earth Magic
  8658 | D:10     | Found a large runed translucent door.
  8658 | D:10     | Found a large runed translucent door.
  8670 | D:10     | Noticed Grum
  8687 | D:10     | Killed Grum
  8772 | D:10     | Reached skill level 8 in Earth Magic
  8846 | D:10     | Noticed a centaur warrior
  8864 | D:10     | Killed a centaur warrior
  9039 | D:10     | Reached **** piety under Kikubaaqudgha
  9040 | D:10     | Reached skill level 9 in Earth Magic
  9050 | D:10     | Reached XP level 12. HP: 64/86 MP: 22/22
  9154 | D:10     | Reached skill level 10 in Earth Magic
  9198 | D:10     | Noticed shaman420's ghost (journeyman OpAM)
  9225 | D:10     | Killed shaman420's ghost
  9274 | D:10     | Reached skill level 1 in Shields
  9436 | D:8      | Killed a centaur warrior
  9521 | D:8      | Found a stormy altar of Qazlal.
  9928 | D:11     | Reached skill level 1 in Long Blades
 10205 | D:11     | Noticed a skeletal warrior
 10229 | D:11     | Killed a skeletal warrior
 10230 | D:11     | Reached skill level 10 in Necromancy
 10230 | D:11     | Reached skill level 11 in Earth Magic
 10252 | D:11     | Found Hiett's Weapon Shop.
 10253 | D:11     | Noticed a skeletal warrior
 10259 | D:11     | Killed a skeletal warrior
 10260 | D:11     | Noticed a skeletal warrior
 10267 | D:11     | Killed a skeletal warrior
 10268 | D:11     | Noticed a skeletal warrior
 10277 | D:11     | Killed a skeletal warrior
 10444 | D:12     | Noticed Snorg
 10457 | D:12     | Slain by Snorg

Illustrated notes

Levels and vault maps discovered:
D:1:      dpeg_arrival_orchard, layout_rooms, serial_forest,
          infiniplex_forest_straight_1, infiniplex_forest_side_room,
          infiniplex_forest_clump_small, infiniplex_forest_clump_large,
          infiniplex_forest_lined_room_2, nicolae_ecumenical_snake_handling
D:2:      layout_basic, minmay_misc_feat_doors, cheibrodos_gnoll_hut
D:3:      layout_loops_ring, zin_scriptorium, mainiacjoe_overflow_tiny_flanked,
          general_overflow_altar
D:4:      layout_cave_pools, mainiacjoe_overflow_catch_the_wave,
          ebering_ghost_rock_garden, st_stairs_4,
          minmay_misc_feat_secret_circle, uniq_edmund, uniq_menkaure
D:5:      layout_cave_pools, nicolae_gozag_seed_capital,
          minmay_temple_entry_overgrown, uniq_prince_ribbit1
D:6:      layout_basic, slow_altar_1
D:7:      layout_basic, serial_shops, nicolae_shop_bloodbath_and_beyond
D:8:      layout_basic, nicolae_qazlal_eye_of_the_storm
D:9:      layout_basic, uniq_erolcha
D:10:     minmay_clustersquares, layout_gridville, erik_lair_dragon,
          ebering_ghost_disaster_area, minmay_starry_boxes, uniq_grum
D:11:     layout_rooms, serial_shops, shop, eino_curves_02
D:12:     layout_rooms, orc_0_dummy, corexii_checkpoint_b, uniq_sonja,
          uniq_snorg
Temple:   eino_temple_lava

Skill      XL: |  1  2  3  4  5  6  7  8  9 10 11 12 |
---------------+-------------------------------------+-----
Conjurations   | 4 5 6 |  6.0
Armour         | 1 2 3 6 |  6.8
Fighting       | 1 2 3 5 6 |  6.0
Spellcasting   | 3 4 6 7 |  7.7
Dodging        | 3 4 |  4.8
Necromancy     | 5 8 9 10 | 10.1
Fire Magic     | 6 |  6.0
Earth Magic    | 9 11 | 11.1
Shields        | 3 |  3.0
Long Blades    | 2 |  2.0
Stealth        | |  2.4

Action                   |  1- 3 |  4- 6 |  7- 9 | 10-12 || total
-------------------------+-------+-------+-------+-------++-------
Melee: Flail             |    10 |       |       |       ||    10
       Rapier            |    23 |    37 |    12 |       ||    72
       Punch             |       |     2 |       |     5 ||     7
       Quarterstaff      |       |       |    59 |   132 ||   191
       Great sword       |       |       |       |   165 ||   165
       Halberd           |       |       |       |     5 ||     5
 Fire: Hunting sling     |       |       |       |    51 ||    51
 Cast: Magic Dart        |    24 |     9 |     9 |    20 ||    62
       Searing Ray       |     3 |    17 |    23 |    51 ||    94
       Vampiric Draining |       |       |       |    48 ||    48
       Conjure Flame     |       |       |       |    12 ||    12
       Dispel Undead     |       |       |       |    19 ||    19
       Sublimation of Bl |       |       |       |     3 ||     3
       Stone Arrow       |       |       |       |     3 ||     3
 Abil: Dig               |       |     1 |       |     4 ||     5
  Use: Scroll            |       |       |     1 |     3 ||     4
 Stab: Sleeping          |       |     2 |       |       ||     2
Armor: Robe              |     7 |    16 |       |    36 ||    59
       Ring mail         |       |     4 |    51 |    13 ||    68
       Troll leather arm |       |       |       |   158 ||   158
Dodge: Dodged            |    23 |    44 |    84 |   430 ||   581
Block: Buckler           |       |       |       |    43 ||    43
